 Dungeon Crawl Stone Soup version 0.31-a0-43-g46d131a48f (webtiles) character file.

Game seed: 6081283459560365263

140 lunkers the Magician (level 5, -3/30 HPs)
             Began as a Meteoran Wanderer on May 18, 2023.
             Was a Follower of Sif Muna.
             Slain by an iguana (6 damage)
             ... on level 4 of the Dungeon.
             The game lasted 00:06:45 (1436 turns).

lunkers the Magician (Meteoran Wanderer)            Turns: 1436, Time: 00:06:45

Health: -3/30      AC:  4    Str: 17    XL:     5   Next: 77%
Magic:  10/14      EV: 12    Int: 15    God:    Sif Muna [*.....]
Gold:   107        SH:  5    Dex: 16    Spells: 9/16 levels left

rFire   . . .        a - +1 dagger (holy)
rCold   . . .        (no shield)
rNeg    . . .        c - +0 robe
rPois   .            d - +0 helmet
rElec   .            j - +0 cloak
rCorr   .            (no gloves)
SInv    .            (no boots)
Will    .....        s - amulet of reflection
Stlth   +            m - +6 ring of strength
HPRegen 0.25/turn    (no ring)
MPRegen 0.14/turn

%: reflection
@: glowing
A: sense surroundings 1, otherworldly, glowing, explore regen
a: Renounce Religion, Channel Magic


You were on level 4 of the Dungeon.
You worshipped Sif Muna.
Sif Muna was aware of your devotion.
You visited 1 branch of the dungeon, and saw 4 of its levels.

You collected 107 gold pieces.

Inventory:

Hand Weapons
 a - a +1 dagger of holy wrath (weapon)
 i - a +0 dagger
Armour
 c - a +0 robe (worn)
 d - a +0 helmet (worn)
 j - a +0 cloak (worn)
Jewellery
 h - an amulet of magic regeneration
 m - a +6 ring of strength (left hand)
 s - an amulet of reflection (around neck)
Scrolls
 b - a scroll of silence
Potions
 f - a potion of brilliance {unknown}
 g - a potion of curing {unknown}
 k - a potion of lignification {unknown}
 l - a potion of heal wounds {unknown}
 n - a potion of might {unknown}
 o - a potion of mutation {unknown}


   Skills:
 - Level 1.2 Dodging
 - Level 1.4 Stealth
 + Level 6.2 Spellcasting
 * Level 6.1 Summonings


You had 9 spell levels left.
You knew the following spells:

 Your Spells              Type           Power      Damage    Failure   Level
b - Call Canine Familiar  Summ           23%        N/A       3%          3
c - Summon Guardian Gole  Hex/Summ       13%        N/A       12%         3
p - Summon Small Mammal   Summ           92%        N/A       1%          1

Your spell library contained the following spells:

 Spells                   Type           Power      Damage    Failure   Level
 Cigotuvi's Dreadful Rot  Necr/Pois/Air  8%         N/A       22%         2
 Poisonous Vapours        Pois/Air       8%         N/A       22%         2


Dungeon Overview and Level Annotations

Branches:
Dungeon (4/15) Zot: 1165
 Temple: D:4-7

Altars:
Hepliaklqana
Okawaru
Sif Muna

Annotations:
D:3 2 transporters


Innate Abilities, Weirdness & Mutations

You passively map a small area around you.
You are easily found by Zot.
You glow in the dark.
You regain HP and MP as you explore.


Message History

You kill the ball python!
Sif Muna accepts your kill. The iguana misses you.
Casting: Call Canine Familiar (dangerous; 3% risk of failure)
Confirm with . or Enter, or press ? or * to list all spells.
The iguana bites you!
* * * LOW HITPOINT WARNING * * *
Hit: a) +1 dagger (holy)
Press: ? - help, Dir - move target, f - iguana
Aim: an iguana (lightly wounded, ally target, about 31% to evade your +1 dagger of holy wrath)
You barely miss the iguana.
The iguana is lightly wounded.
Your hound bites the iguana.
You block the iguana's attack.
Hit: a) +1 dagger (holy)
Press: ? - help, Dir - move target, f/p - iguana
Aim: an iguana (moderately wounded, ally target, about 31% to evade your +1 dagger of holy wrath)
You hit the iguana but do no damage.
The iguana is moderately wounded.
Your hound bites the iguana but does no damage.
The iguana bites you.
* * * LOW HITPOINT WARNING * * *
Your hound closely misses the iguana.
Hit: a) +1 dagger (holy)
Press: ? - help, Dir - move target, f/p - iguana
Aim: an iguana (moderately wounded, ally target, about 31% to evade your +1 dagger of holy wrath)
You hit the iguana but do no damage.
The iguana is moderately wounded.
Your hound bites the iguana but does no damage.
The iguana closely misses your hound.
Unknown command.
You closely miss the iguana.
The iguana is moderately wounded.
Your hound bites the iguana but does no damage.
Your hound completely misses the iguana.
The iguana bites you.
* * * LOW HITPOINT WARNING * * *
You barely miss the iguana.
The iguana is moderately wounded.
Your hound bites the iguana.
The iguana bites you.
You die...

##.....## # ,
......!.####.##
,
#..........#...
, * ,,
...............
##...........##
* ,
..............#
, ,,
,............?.#
,#.....<..##
##.##.@...#
#.l..###* * , *
*#...h..# , , *
#.........# ,,
....#..........
...............
......#........
......#........
*
,..........#...
,


You could see an iguana (ally target) and a friendly hound (summoned).

Vanquished Creatures
  6 ball pythons
  3 bats (D:1)
  3 endoplasms
  3 giant cockroaches
  2 goblins
  3 hobgoblins
  A jackal (D:1)
  A quokka (D:1)
  3 frilled lizards
  A rat (D:1)
26 creatures vanquished.

Vanquished Creatures (collateral kills)
  2 adders (D:3)
  7 gnolls
  A worm (D:3)
  A dart slug (D:1)
  3 orcs (D:3)
  A ball python (D:1)
  2 bats
  A giant cockroach (D:1)
  2 hobgoblins
  A jackal (D:1)
  2 quokkas
23 creatures vanquished.

Grand Total: 49 creatures vanquished

Notes
Turn   | Place    | Note
-------+----------+-------------------------------------------
     0 | D:1      | lunkers the Meteoran Wanderer began the quest for the Orb.
     0 | D:1      | lunkers set off with the following items: a +0 dagger, a
                  | scroll of silence, a +0 robe, a +0 helmet; and the
                  | following spell memorised: Summon Small Mammal; and the
                  | following spells available to memorise: Call Canine
                  | Familiar, Summon Guardian Golem, Cigotuvi's Dreadful Rot,
                  | Poisonous Vapours.
     0 | D:1      | Reached XP level 1. HP: 14/14 MP: 7/7
    55 | D:1      | Reached XP level 2. HP: 10/20 MP: 7/9
   255 | D:1      | Reached XP level 3. HP: 22/26 MP: 11/11
   500 | D:1      | Glimpsed the power of Zot.
   550 | D:1      | Glimpsed the power of Zot.
   590 | D:1      | Glimpsed the power of Zot.
   600 | D:1      | Touched by the power of Zot.
   644 | D:2      | Learned a level 3 spell: Call Canine Familiar
   648 | D:2      | Learned a level 3 spell: Summon Guardian Golem
   807 | D:2      | Reached XP level 4. HP: 22/25 MP: 7/12
   847 | D:3      | Found a hazy altar of Hepliaklqana.
   885 | D:3      | Found an iron altar of Okawaru.
   891 | D:3      | Found a transporter.
   926 | D:3      | Reached skill level 5 in Summonings
   984 | D:3      | Reached XP level 5. HP: 30/30 MP: 14/14
  1228 | D:3      | Found a faded altar of an unknown god.
  1277 | D:3      | Prayed at the altar of an unknown god.
  1277 | D:3      | Became a worshipper of Sif Muna the Loreminder
  1277 | D:3      | Reached * piety under Sif Muna
  1400 | D:3      | Found a transporter.
  1436 | D:4      | Slain by an iguana

Illustrated notes

Levels and vault maps discovered:
D:1:      dpeg_arrival_line_fractal, layout_basic
D:2:      layout_basic
D:3:      gammafunk_steamed_eel, layout_basic, lemuel_coloured_pillars_altar,
          okawaru_trees_1, fedhas_altar_1, chequers_ecumenical_altar_twisty
D:4:      layout_cave_pools, mainiacjoe_overflow_concentric_impassable,
          nicolae_overflow_hidden_temple, overflow_temple_1_default,
          minmay_temple_entry_wispy, serial_shops, nicolae_shop_trees,
          portal_sewer_entry_d, chequers_mini_garden, uniq_sigmund

Skill      XL: |  1  2  3  4  5 |
---------------+----------------+-----
Summonings     | 4 5 6 |  6.1
Spellcasting   | 6 |  6.2
Dodging        | |  1.2
Stealth        | |  1.4

Action                     |  1- 3 |  4- 6 || total
---------------------------+-------+-------++-------
  Melee: Dagger            |    77 |    53 ||   130
         Punch             |     1 |     1 ||     2
   Cast: Summon Small Mamm |    26 |       ||    26
         Call Canine Famil |     1 |    13 ||    14
         Summon Guardian G |     1 |       ||     1
    Use: Scroll            |       |     4 ||     4
   Stab: Distracted        |     1 |       ||     1
 Armour: Robe              |    35 |    20 ||    55
  Dodge: Dodged            |    66 |    36 ||   102
  Block: Other             |       |     9 ||     9

Table legend: (Time is in decaauts)
 A = Elapsed time spent in this place.
 B = Non-inter-level travel time spent in this place.
 C = Inter-level travel time spent in this place.
 D = Time resting spent in this place.
 E = Time spent auto-exploring this place.
 F = Levels seen in this place.
 G = Mean time per level.
                   A        B        C        D        E       F      G
               +--------+--------+--------+--------+--------+-----+--------+
         Total |   1434 |   1284 |    150 |      0 |    754 |   4 |  358.5 |
       Dungeon |   1434 |   1284 |    150 |      0 |    754 |   4 |  358.5 |
               +--------+--------+--------+--------+--------+-----+--------+

Top non-repeatable levels by time:
     D:1: 603 daAuts
     D:3: 590 daAuts
     D:2: 223 daAuts
     D:4: 16 daAuts
